 Dungeon Crawl Stone Soup version 0.24.0-29-g8ce449bc06 (webtiles) character file.

Game seed: 1465314372020690743, levelgen mode: deterministic

3332 Banto the Cleaver (level 9, -3/121 HPs)
             Began as a Minotaur Berserker on Nov 16, 2019.
             Was an Elder of Trog.
             Slain by an orc warrior
             ... wielding a +0 long sword
              (14 damage)
             ... on level 9 of the Dungeon.
             The game lasted 00:08:17 (7336 turns).

Banto the Cleaver (Minotaur Berserker)              Turns: 7336, Time: 00:08:17

Health: -3/121     AC: 14    Str: 28    XL:     9   Next: 71%
Magic:  7/7        EV: 12    Int:  4    God:    Trog [****..]
Gold:   425        SH:  0    Dex: 12    Spells: 8/8 levels left

rFire    . . .     SeeInvis +   p - +1 war axe
rCold    . . .     Gourm    .   (no shield)
rNeg     . . .     Faith    +   l - +0 chain mail
rPois    .         Spirit   .   m - +0 hat
rElec    .         Reflect  .   n - +0 cloak
rCorr    +         Harm     .   (no gloves)
MR       .....                  (no boots)
Stlth    ..........             j - amulet of faith
HPRegen  0.30/turn              u - ring of see invisible
MPRegen  0.10/turn              y - ring of resist corrosion

@: berserking, very quick
A: retaliatory headbutt, horns 2, iridescent scales 1, low mp 1, MP-powered
wands
a: Berserk, Trog's Hand, Brothers in Arms, Renounce Religion


You were on level 9 of the Dungeon.
You worshipped Trog.
Trog was greatly pleased with you.
You were hungry.

You visited 1 branch of the dungeon, and saw 9 of its levels.

You collected 425 gold pieces.

Inventory:

Hand Weapons
 p - a +1 war axe (weapon)
Missiles
 t - 4 atropa-tipped darts (quivered)
Armour
 l - a +0 chain mail (worn)
 m - a +0 hat (worn)
 n - a +0 cloak (worn)
Jewellery
 j - an amulet of faith (around neck)
 s - a cursed amulet of inaccuracy {unknown}
 u - a ring of see invisible (left hand)
 y - a ring of resist corrosion (right hand)
 B - a +2 ring of protection {unknown}
Wands
 q - a wand of polymorph (16)
Scrolls
 b - 3 scrolls of remove curse
 e - a scroll of fear
 i - 3 scrolls of enchant armour
 w - a scroll of identify
Potions
 a - a potion of resistance
 d - 7 potions of curing
 f - 4 potions of agility
 g - 5 potions of flight
 h - a potion of might
 k - 2 potions of brilliance
 o - 3 potions of lignification
 r - a potion of ambrosia
 v - a potion of haste
 z - 2 potions of invisibility
 A - a potion of heal wounds
Comestibles
 c - 12 rations
 x - a chunk of flesh


   Skills:
 + Level 8.2 Fighting
 * Level 11.0 Axes
 + Level 7.7 Armour
 + Level 7.1 Dodging


You had 8 spell levels left.
You didn't know any spells.
Your spell library was empty.

Dungeon Overview and Level Annotations

Branches:
Dungeon (9/15)             Temple (0/1) D:4            Lair (0/6) D:9
    Orc (0/2) D:9

Altars:
Ashenzari
Dithmenos
Fedhas
Ru
Sif Muna
Uskayaw
Vehumet
The Shining One

Shops:
D:6 =   D:7 [

Annotations:
D:6 2 transporters, Gumption's ghost, novice HuNe


Innate Abilities, Weirdness & Mutations

You reflexively headbutt those who attack you in melee.
You have a pair of horns on your head.
You are partially covered in iridescent scales. (AC +2)
Your magical capacity is low. (-10% MP)
You expend magic power (3 MP) to strengthen your wands.


Message History

* * * LOW HITPOINT WARNING * * *
You hit the orc warrior but do no damage.
The orc warrior is lightly wounded.
You hit the plant but do no damage. The orc warrior barely misses you.
You furiously retaliate!
You headbutt the orc warrior.
A red film seems to cover your vision as you go berserk!
You feel yourself moving faster!
You feel mighty!
You are feeling hungry.
The orc warrior hits you with a +0 long sword!
* * * LOW HITPOINT WARNING * * *
You slash the orc warrior!
The orc warrior is severely wounded.
You hit the plant but do no damage. You completely miss the plant.
You hit the plant. You barely miss the orc warrior.
You headbutt the orc warrior, but do no damage.
The orc warrior is severely wounded.
You slash the plant! You slice the plant!! You slash the plant!
The orc warrior hits you with a +0 long sword!
You die...

#.##....P.PP...#
##.#PPP...P.P...#
...#PP.....P.PP.#####
###P..P.P.P.P.P.....#
#...PPP÷####.P.P....#
#...P...'..#P.P.....#
#......P#?>#...P....###
#....oPP####.PPP.......
#...PP@..P..PPP.÷......
#.......P............##
#...P..P...P...........
#...#...P......#.......
#...#.#PP......#####...
#...#....#...... #...
#...#....#..... #... #.
#. ..#.... #... ##'#


You could see an orc warrior.

Vanquished Creatures
  A hippogriff (D:9)
  Eustachio (D:5)
  Grum (D:8)
  2 porcupines (D:9)
  An orc warrior (D:9)
  4 sky beasts
  An ice beast (D:8)
  2 phantoms
  An ogre (D:8)
  2 wolves (D:8)
  A centaur (D:6)
  5 bullfrogs
  A gnoll sergeant (D:8)
  3 scorpions
  5 killer bees (D:7)
  2 crimson imps (D:6)
  A bullfrog zombie (D:9)
  A jelly (D:7)
  2 hounds (D:6)
  4 orc priests
  A gnoll shaman (D:6)
  5 iguanas
  3 orc wizards
  A worker ant (D:8)
  A worker ant zombie (D:5)
  8 gnolls
  9 adders
  3 shadow imps
  An ooze (D:1)
  An adder skeleton (D:4)
  5 worms
  3 dart slugs
  2 leopard geckos
  21 orcs
  5 giant cockroaches
  7 goblins
  3 hobgoblins (D:1)
  6 jackals
  6 quokkas
  2 ball pythons
  A ball python skeleton (D:5)
  4 bats
  7 frilled lizards
  2 giant cockroach zombies (D:5)
  2 kobolds (D:1)
  A quokka skeleton (D:8)
  4 rats
  2 fungi (D:9)
157 creatures vanquished.

Notes
Turn   | Place    | Note
-------+----------+-------------------------------------------
     0 | D:1      | Banto the Minotaur Berserker began the quest for the Orb.
     0 | D:1      | Reached XP level 1. HP: 19/19 MP: 0/0
   168 | D:1      | Found a shattered altar of Ashenzari.
   318 | D:1      | Reached skill level 4 in Axes
   318 | D:1      | Reached XP level 2. HP: 20/27 MP: 1/1
   901 | D:2      | Reached XP level 3. HP: 24/33 MP: 2/2
  1334 | D:2      | Found a blossoming altar of Fedhas.
  1741 | D:3      | Reached ** piety under Trog
  1964 | D:3      | Found a faded altar of an unknown god.
  1988 | D:3      | Reached XP level 4. HP: 34/40 MP: 3/3
  2058 | D:3      | Found a shattered altar of Ashenzari.
  2058 | D:3      | Found a shimmering blue altar of Sif Muna.
  2317 | D:3      | Reached skill level 5 in Axes
  2529 | D:4      | Reached XP level 5. HP: 34/47 MP: 4/4
  2535 | D:4      | Found a hide-covered altar of Uskayaw.
  2760 | D:4      | Gained mutation: You are dopey. (Int -2) [potion of
                  | mutation]
  2760 | D:4      | Gained mutation: You expend magic power (3 MP) to
                  | strengthen your wands. [potion of mutation]
  2995 | D:4      | Found a staircase to the Ecumenical Temple.
  3100 | D:4      | Reached *** piety under Trog
  3108 | D:4      | Reached XP level 6. HP: 55/55 MP: 5/5
  3386 | D:5      | Entered Level 5 of the Dungeon
  3404 | D:5      | Reached skill level 6 in Axes
  3410 | D:5      | Noticed a sky beast
  3422 | D:5      | Killed a sky beast
  3422 | D:5      | Reached skill level 5 in Fighting
  3487 | D:5      | Noticed Eustachio
  3573 | D:5      | Killed Eustachio
  3573 | D:5      | Reached XP level 7. HP: 19/61 MP: 6/6
  3827 | D:5      | Reached skill level 7 in Axes
  4027 | D:5      | Found a shadowy altar of Dithmenos.
  4081 | D:5      | Reached skill level 5 in Armour
  4547 | D:6      | Found a transporter.
  4549 | D:6      | Noticed Gumption's ghost (novice HuNe)
  4550 | D:6      | Found a transporter.
  4551 | D:6      | Identified the cursed +0 great mace of Woniy {freeze, rElec
                  | rF++ rC- Str+3}
  4551 | D:6      | Identified the +3 great mace "Dragon's Tongue" {freeze,
                  | rC++}
  4551 | D:6      | Noticed a two-headed ogre
  4704 | D:6      | Found Attavear's Jewellery Shoppe.
  4982 | D:6      | Reached XP level 8. HP: 67/70 MP: 7/7
  4988 | D:6      | Reached skill level 8 in Axes
  4993 | D:6      | Reached skill level 5 in Dodging
  5378 | D:6      | Found a glowing golden altar of the Shining One.
  5528 | D:7      | Reached **** piety under Trog
  5651 | D:7      | Found a sacrificial altar of Ru.
  5707 | D:7      | Reached skill level 9 in Axes
  5734 | D:7      | Lost mutation: You are dopey. (Int -2) [potion of mutation]
  5734 | D:7      | Gained mutation: Your magical capacity is low. (-10% MP)
                  | [potion of mutation]
  5734 | D:7      | Gained mutation: You are partially covered in iridescent
                  | scales. (AC +2) [potion of mutation]
  5756 | D:7      | Found Jiafeenyx's Armour Boutique.
  6016 | D:7      | Received a gift from Trog
  6056 | D:7      | Found a radiant altar of Vehumet.
  6170 | D:8      | Reached XP level 9. HP: 73/79 MP: 7/7
  6172 | D:8      | Noticed Grum
  6189 | D:8      | Killed Grum
  6437 | D:8      | Identified the +6 trident of Deformation {freeze, Dex+2}
  6443 | D:8      | Reached skill level 10 in Axes
  7083 | D:9      | Found a staircase to the Orcish Mines.
  7269 | D:9      | Reached skill level 11 in Axes
  7320 | D:9      | Found a staircase to the Lair.
  7336 | D:9      | Slain by an orc warrior

Levels and vault maps discovered:
D:1:      psy_arrival_radial02, layout_rooms, serial_forest,
          infiniplex_forest_clump_large, infiniplex_forest_lined_2,
          infiniplex_forest_clump_C, infiniplex_forest_lined_room_2,
          infiniplex_forest_clump_C, ashenzari_altar_1
D:2:      layout_basic, overflow_temple_1_default, first_ration,
          serial_bayou_lagoon_a
D:3:      layout_rooms, gammafunk_temple_overflow_elements,
          chequers_ecumenical_altar_simple
D:4:      layout_cave_pods, lemuel_round_altar, temple_statues
D:5:      layout_loops_ring, grunt_dithmenos_shadows, uniq_eustachio
D:6:      kennysheep_six_static_rooms, layout_loops_ring,
          lemuel_coloured_pillars_altar, serial_shops, kennysheep_mini,
          gammafunk_ghost_smash
D:7:      layout_loops_ring, lemuel_round_altar, serial_shops,
          nicolae_shop_statue_plus, nicolae_ru_sacrificial_ziggurat
D:8:      layout_rooms, uniq_grum
D:9:      layout_stronghold, grunt_lair_entry_orc_guard_hut, orc_0_dummy,
          uniq_pikel

Skill      XL: |  1  2  3  4  5  6  7  8  9 |
---------------+----------------------------+-----
Axes           | 4 5 6 7 9 11 | 11.0
Fighting       | 4 5 6 7 8 |  8.2
Armour         | 3 4 5 6 7 |  7.7
Dodging        | 3 4 6 7 |  7.1

Action                   |  1- 3 |  4- 6 |  7- 9 || total
-------------------------+-------+-------+-------++-------
Melee: Hand axe          |    84 |   171 |    48 ||   303
       Headbutt          |    26 |    30 |    55 ||   111
       War axe           |       |       |   242 ||   242
Invok: Berserk           |       |     2 |     1 ||     3
  Use: Scroll            |    10 |     6 |     8 ||    24
       Potion            |       |     1 |     1 ||     2
  Eat: Chunk             |     3 |     7 |    13 ||    23
Armor: Animal skin       |     4 |       |       ||     4
       Ring mail         |     8 |       |       ||     8
       Chain mail        |       |   103 |   129 ||   232
Dodge: Dodged            |    57 |    91 |   151 ||   299
